 Dungeon Crawl Stone Soup version 0.26.0-45-g9c1d065592 (webtiles) character file.

Game seed: 16613132013792071495

34285 hawla the Thaumaturge (level 13, -8/93 HPs)
             Began as a Purple Draconian Conjurer on Jan 27, 2021.
             Was an Initiate of Gozag.
             Mangled by a death knight
             ... wielding a +1 halberd
              (37 damage)
             ... on level 14 of the Dungeon on Jan 28, 2021.
             The game lasted 01:14:39 (21825 turns).

hawla the Thaumaturge (Purple Draconian Conjurer)  Turns: 21825, Time: 01:14:40

Health: -8/93      AC: 16    Str: 10    XL:     13   Next: 41%
Magic:  13/29      EV: 13    Int: 30    God:    Gozag
Gold:   4007       SH:  0    Dex: 15    Spells: 20/36 levels left

rFire    . . .     SeeInvis .   z - +1 quarterstaff (spect)
rCold    . . .     Faith    .   (shield currently unavailable)
rNeg     . . .     Spirit   .   (armour unavailable)
rPois    .         Reflect  .   n - +2 hat {Will+}
rElec    .         Harm     .   G - scarf {repulsion}
rCorr    .         Rampage  .   A - +3 pair of gauntlets of War {Slay+5}
Will     ++...                  c - +1 pair of boots
Stlth    ++........             (no amulet)
HPRegen  0.25/turn              a - +6 ring of intelligence
MPRegen  0.21/turn              C - +6 ring of dexterity

@: gold aura, repel missiles
A: breathe power, unfitting armour, cold-blooded, AC +8
a: Breathe Dispelling Energy, Renounce Religion, Potion Petition, Call Merchant,
Bribe Branch


You were on level 14 of the Dungeon.
You worshipped Gozag.
Gozag was most pleased with you.
You visited 2 branches of the dungeon, and saw 16 of its levels.
You also visited: Sewer and Bailey.

You collected 4403 gold pieces.
You spent 384 gold pieces at shops.
You paid 12 gold pieces to Gozag.

Inventory:

Hand Weapons
 z - a +1 spectral quarterstaff (weapon)
 K - a +0 quarterstaff
Missiles
 f - 61 boomerangs
 g - 3 curare-tipped darts
 D - 4 boomerangs of dispersal
 I - 29 poisoned darts (quivered)
 R - 5 javelins
Armour
 c - a +1 pair of boots (worn)
 l - a +2 pair of gloves of strength
 n - a +2 hat of willpower (worn)
 A - the +3 pair of gauntlets of War (worn) {Slay+5}
   (You found it on level 5 of the Dungeon)

   It affects your accuracy and damage with ranged weapons and melee attacks
   (+5).
 G - a scarf of repulsion (worn)
 J - a +0 kite shield
 N - a +0 hat
Magical Staves
 P - an uncursed staff of cold
Jewellery
 a - a +6 ring of intelligence (left hand)
 d - an uncursed ring of see invisible
 k - an uncursed ring of stealth
 w - an uncursed ring of wizardry
 y - an uncursed ring of resist corrosion
 C - a +6 ring of dexterity (right hand)
 O - an uncursed ring of poison resistance
Wands
 i - a wand of paralysis (8)
 p - a wand of enslavement (21)
 r - a wand of iceblast (9)
 H - a wand of disintegration (13)
 T - a wand of polymorph (5)
Scrolls
 e - a scroll of fog
 j - 3 scrolls of teleportation
 q - 6 scrolls of remove curse
 s - 5 scrolls of enchant weapon
 t - 3 scrolls of enchant armour
 u - 4 scrolls of amnesia
 L - a scroll of holy word
 M - 2 scrolls of magic mapping
Potions
 b - 3 potions of flight
 h - 2 potions of might
 o - a potion of resistance
 v - a potion of lignification
 x - 6 potions of curing
 B - 2 potions of berserk rage
 E - a potion of brilliance
Miscellaneous
 m - a lightning rod (4/4)
 S - a phantom mirror


   Skills:
 - Level 2.4 Fighting
 + Level 9.1 Staves
 - Level 1.0 Throwing
 - Level 2.9 Dodging
 - Level 3.2 Stealth
 - Level 4.0 Shields
 + Level 12.2 Spellcasting
 + Level 11.8 Conjurations
 + Level 2.6 Hexes
 - Level 2.9 Translocations
 + Level 10.7 Fire Magic
 - Level 5.0 Evocations


You had 20 spell levels left.
You knew the following spells:

 Your Spells              Type           Power        Failure   Level
a - Magic Dart            Conj           100%         1%          1
b - Searing Ray           Conj           100%         1%          2
c - Iskenderun's Mystic   Conj/Tloc      58%          1%          4
d - Blink                 Tloc           N/A          1%          2
e - Conjure Flame         Conj/Fire      72%          1%          3
f - Cause Fear            Hex            17%          10%         4

Your spell library contained the following spells:

 Spells                   Type           Power        Failure   Level
 Corona                   Hex            37%          1%          1
 Shock                    Conj/Air       100%         1%          1
 Slow                     Hex            34%          1%          2
 Dazzling Flash           Conj/Hex       100%         1%          3
 Inner Flame              Hex/Fire       56%          1%          3
 Mephitic Cloud           Conj/Pois/Air  42%          1%          3
 Static Discharge         Conj/Air       52%          1%          3
 Stone Arrow              Conj/Erth      100%         1%          3
 Fulminant Prism          Conj/Hex       29%          1%          4
 Sandblast                Erth           36%          2%          1
 Ensorcelled Hibernation  Hex/Ice        52%          2%          2
 Confusing Touch          Hex            34%          2%          3
 Portal Projectile        Hex/Tloc       70%          2%          3
 Tukima's Dance           Hex            34%          2%          3
 Call Imp                 Summ           18%          4%          2
 Passwall                 Tmut/Erth      15%          4%          2
 Swiftness                Air            18%          4%          2
 Lightning Bolt           Conj/Air       26%          7%          5
 Leda's Liquefaction      Hex/Erth       13%          16%         4
 Airstrike                Air            9%           28%         4
 Petrify                  Tmut/Erth      18%          28%         4
 Lee's Rapid Deconstruct  Erth           9%           61%         5


Dungeon Overview and Level Annotations

Branches:
Dungeon (15/15)            Temple (1/1) D:6            Lair (0/6) D:10
    Orc (0/2) D:9           Sewer (visited)          Bailey (visited)
 Vaults: D:13-14     Depths: D:15

Altars:
Ashenzari
Cheibriados
Dithmenos
Elyvilon
Fedhas
Gozag
Hepliaklqana
Kikubaaqudgha
Makhleb
Nemelex Xobeh
Okawaru
Qazlal
Ru
Sif Muna
Trog
Uskayaw
Vehumet
Wu Jian
Xom
Yredelemnul
Zin
The Shining One
Lugonu

Shops:
D:12 ?

Portals:
Abyss: D:3

Annotations:
D:7 1 runed translucent door, exclusion: 4 orange crystal statues


Innate Abilities, Weirdness & Mutations

You can breathe bolts of dispelling energy.
Your rich purple scales are hard. (AC +8)
You cannot fit into any form of body armour.
You are cold-blooded and may be slowed by cold attacks.


Message History

Confirm with . or Enter, or press ? or * to list all spells.
Aiming: Searing Ray (safe; 1% risk of failure)
Press: ? - help, Shift-Dir - straight line, f - death knight
Aim: a death knight, wielding a +1 halberd and wearing the +4 ring mail "Bubev" {*Corrode Slay+3 SInv Stlth+} (severely wounded, 19% to evade)
The searing ray hits the death knight.
The death knight is severely wounded. (Press . to maintain the ray.)
The death knight hits you from afar with a +1 halberd!!
The searing ray hits the death knight.
The death knight is severely wounded.
The death knight hits you from afar with a +1 halberd!!
The searing ray hits the death knight!
The death knight is almost dead.
The freezing wraith becomes distracted by the nearby gold, dreaming of imaginary riches.
The searing ray hits the death knight!
The death knight is almost dead.
You finish channeling your searing ray.
The death knight hits you from afar with a +1 halberd!!!
You die...
Your body crumbles into a pile of gold.

##...##C§§########...
#.....§§§§§p.........
#.....§p§§§#.........
#....##§§§§#.........
#....##§§###..#######
#....#######..#######
#(...p.............#.
##...##.W.....W....+.
##$.@######+#########
#...W## #..###..###
#..... #.........#
##..... #.........'
##...... #.........#
#....##.. ######...##
#....#######.###...##
##.......(.....#...#.
#...##........'...#.


You could see a death knight and a freezing wraith (unaware).

Vanquished Creatures
  A boulder beetle (D:12)
  A centaur warrior (D:15)
  2 two-headed ogres
  The ghost of hawla the Thaumaturge, a novice DrCj of Vehumet (D:11)
  6 unseen horrors
  The ghost of iamoutofideas the Thaumaturge, a novice DsFE of Vehumet (D:7)
  Pikel (D:7)
  A deep elf mage (D:7)
  An orc knight (Bailey)
  A phantasmal warrior (D:13)
  5 ugly things
  2 cyclopes
  Psyche (D:10)
  Joseph (D:8)
  A gargoyle (D:10)
  2 centaur skeletons
  A kobold demonologist (D:13)
  5 trolls
  2 hornets (D:12)
  3 slime creatures (D:13)
  Grinder (D:3)
  A meliai zombie (D:12)
  Sigmund (D:3)
  3 shadows (D:9)
  3 wyverns
  2 wraiths
  6 yaks
  A vampire (D:12)
  A steam dragon (D:12)
  A soldier ant (D:14)
  3 orc warriors
  3 black bears
  8 ice beasts
  3 sky beasts
  A necrophage (D:9)
  The ghost of SnakkuSnakku7 the Poker, an amateur MfCj (D:3)
  20 centaurs
  11 ogres
  5 big kobolds
  6 bullfrogs
  A gnoll sergeant (D:10)
  2 wyvern skeletons
  A troll zombie (D:9)
  5 howler monkeys
  12 wights
  An electric eel (D:10)
  4 centaur zombies
  3 bullfrog zombies
  A quasit (D:11)
  10 hounds
  An orc priest (D:3)
  2 bullfrog skeletons (D:5)
  4 jellies
  A gnoll shaman (D:6)
  4 orc wizards
  Ijyb (D:3)
  5 iguanas
  7 worker ants
  7 ogre zombies (D:9)
  2 hound zombies
  2 worker ant zombies
  11 gnolls
  12 adders
  3 river rats (Sewer)
  A shadow imp (D:3)
  4 white imps
  An ooze (Sewer)
  3 ufetubi
  3 adder skeletons
  5 worms
  2 dart slugs (D:1)
  7 leopard geckos
  33 orcs
  A ball python (Sewer)
  8 giant cockroaches
  8 goblins
  11 hobgoblins
  8 jackals
  5 quokkas
  14 bats
  3 frilled lizards
  2 giant cockroach zombies (D:5)
  3 goblin skeletons (D:9)
  2 goblin zombies (D:9)
  2 hobgoblin zombies (D:9)
  2 jackal skeletons (D:4)
  40 kobolds
  A leopard gecko zombie (D:5)
  2 orc skeletons (D:9)
  16 orc zombies (D:9)
  A quokka zombie (D:5)
  16 rats
  A lurking horror (D:3)
427 creatures vanquished.

Vanquished Creatures (others)
  A yaktaur (shapeshifter) (D:15)
  A wraith (D:15)
  22 bushes (D:15)
  3 plants (D:1)
  3 withered plants (D:5)
30 creatures vanquished.

Grand Total: 457 creatures vanquished

Notes
Turn   | Place    | Note
-------+----------+-------------------------------------------
     0 | D:1      | hawla the Draconian Conjurer began the quest for the Orb.
     0 | D:1      | Reached XP level 1. HP: 14/14 MP: 3/3
   245 | D:1      | Reached skill level 1 in Fighting
   319 | D:1      | Reached XP level 2. HP: 14/23 MP: 1/5
   323 | D:1      | Learned a level 2 spell: Searing Ray
   760 | D:1      | Reached XP level 3. HP: 28/29 MP: 5/7
  1220 | D:2      | Reached skill level 3 in Spellcasting
  1887 | D:2      | Reached XP level 4. HP: 36/36 MP: 3/9
  1892 | D:2      | Learned a level 4 spell: Iskenderun's Mystic Blast
  2060 | D:2      | Found a shimmering blue altar of Sif Muna.
  2276 | D:2      | Found an opulent altar of Gozag.
  2287 | D:2      | Became a worshipper of Gozag Ym Sagoz the Greedy
  2656 | D:3      | Noticed Grinder
  2688 | D:4      | Reached skill level 1 in Translocations
  2706 | D:4      | Noticed an ogre
  2733 | D:4      | Killed an ogre
  2734 | D:4      | Reached skill level 4 in Spellcasting
  2734 | D:4      | Reached skill level 5 in Conjurations
  2734 | D:4      | Reached XP level 5. HP: 37/41 MP: 0/11
  3079 | D:3      | Reached XP level 6. HP: 37/48 MP: 8/12
  3163 | D:3      | Found a transporter.
  3167 | D:3      | Noticed SnakkuSnakku7's ghost (amateur MfCj)
  3174 | D:3      | Found a transporter.
  3199 | D:3      | Noticed Ijyb
  3237 | D:3      | Killed Ijyb
  3280 | D:3      | Found a glowing drain.
  3288 | Sewer    | Entered a sewer
  4252 | Sewer    | Your scales start taking on a rich purple colour.
  4252 | Sewer    | Reached skill level 5 in Spellcasting
  4252 | Sewer    | Reached XP level 7. HP: 55/55 MP: 5/15
  4658 | D:3      | Killed Grinder
  4659 | D:3      | Reached skill level 6 in Spellcasting
  4818 | D:3      | Found a one-way gate to the infinite horrors of the Abyss.
  4818 | D:3      | Found a corrupted altar of Lugonu.
  5032 | D:3      | Noticed Sigmund
  5040 | D:3      | Killed Sigmund
  5268 | D:3      | Found a hazy altar of Hepliaklqana.
  5734 | D:4      | Reached XP level 8. HP: 61/61 MP: 12/18
  5820 | D:4      | Reached skill level 7 in Spellcasting
  6215 | D:4      | Found a burning altar of Makhleb.
  6299 | D:5      | Entered Level 5 of the Dungeon
  6364 | D:5      | Learned a level 2 spell: Blink
  6368 | D:5      | Learned a level 3 spell: Conjure Flame
  6383 | D:5      | Found a snail-covered altar of Cheibriados.
  6465 | D:5      | Reached skill level 1 in Staves
  6465 | D:5      | Reached skill level 1 in Fire Magic
  7359 | D:5      | Found a hazy altar of Hepliaklqana.
  7445 | D:5      | Found the +3 pair of gauntlets of War {Slay+5}
  7665 | D:6      | Reached skill level 1 in Evocations
  7678 | D:6      | Reached XP level 9. HP: 67/67 MP: 6/20
  7871 | D:6      | Reached skill level 8 in Spellcasting
  8082 | D:6      | Found a staircase to the Ecumenical Temple.
  8382 | D:7      | Found a runed translucent door.
  8390 | D:7      | Noticed an orange crystal statue
  8393 | D:7      | Found the +10 tower shield of Ignorance {rN+ Int-4}
  8421 | D:6      | Found a shadowy altar of Dithmenos.
  8576 | D:7      | Found a runed translucent door.
  8903 | D:7      | Noticed Pikel
  8917 | D:7      | Paralysed by Pikel for 5 turns
  8924 | D:7      | Killed Pikel
  9049 | D:7      | Found an opulent altar of Gozag.
  9050 | D:7      | Found a runed translucent gate.
  9065 | D:7      | Found a runed translucent gate.
  9065 | D:7      | Found a runed translucent gate.
  9065 | D:7      | Noticed iamoutofideas's ghost (novice DsFE)
  9068 | D:7      | Noticed a deep elf mage
  9142 | D:7      | Found a white marble altar of Elyvilon.
  9557 | Temple   | Entered the Ecumenical Temple
  9842 | D:8      | Noticed Joseph
  9861 | D:8      | Killed Joseph
  9862 | D:8      | Reached skill level 9 in Spellcasting
  9862 | D:8      | Reached XP level 10. HP: 71/73 MP: 13/23
 10176 | D:8      | Found a sparkling altar of Nemelex Xobeh.
 10176 | D:8      | Found a white marble altar of Elyvilon.
 10177 | D:8      | Found a sacrificial altar of Ru.
 10283 | D:8      | Found a broken altar of Ashenzari.
 10992 | D:9      | Reached skill level 5 in Fire Magic
 11042 | D:9      | Reached skill level 5 in Staves
 11467 | D:9      | Reached skill level 5 in Evocations
 11638 | D:9      | Found a staircase to the Orcish Mines.
 12266 | D:3      | Killed SnakkuSnakku7's ghost
 12447 | D:7      | Killed a deep elf mage
 12456 | D:7      | Killed iamoutofideas's ghost
 12457 | D:7      | Reached skill level 10 in Spellcasting
 12820 | D:10     | Entered Level 10 of the Dungeon
 12829 | D:10     | Noticed a two-headed ogre
 12852 | D:10     | Killed a two-headed ogre
 12951 | D:10     | Reached XP level 11. HP: 79/79 MP: 6/25
 13623 | D:10     | Noticed Psyche
 13630 | D:10     | Killed Psyche
 13814 | D:10     | Found a staircase to the Lair.
 13985 | D:7      | Noticed an orange crystal statue
 13985 | D:7      | Noticed an orange crystal statue
 13985 | D:7      | Noticed an orange crystal statue
 14304 | D:6      | Reached skill level 10 in Conjurations
 14304 | D:6      | Reached XP level 12. HP: 85/85 MP: 26/26
 14445 | D:11     | Noticed a two-headed ogre
 14454 | D:11     | HP: 1/85 [two-headed ogre/+0 giant club (14)]
 14459 | D:11     | Killed a two-headed ogre
 14922 | D:11     | Found a runed translucent gate.
 14922 | D:11     | Found a runed translucent gate.
 14922 | D:11     | Found a runed translucent gate.
 14922 | D:11     | Noticed hawla's ghost (novice DrCj)
 14990 | D:11     | Found a flagged portal.
 14999 | Bailey   | Entered a bailey
 15209 | Bailey   | Reached skill level 11 in Spellcasting
 15346 | Bailey   | Found an iron altar of Okawaru.
 16749 | D:11     | Killed hawla's ghost
 16750 | D:11     | Reached skill level 1 in Throwing
 16958 | D:12     | Reached skill level 10 in Fire Magic
 17070 | D:12     | Reached skill level 1 in Shields
 17375 | D:12     | Noticed a boulder beetle
 17490 | D:12     | Killed a boulder beetle
 18439 | D:12     | Found Rainaah's Magic Scroll Shop.
 18447 | D:12     | Bought a scroll of holy word for 90 gold pieces
 18487 | D:12     | Bought a scroll of blinking for 90 gold pieces
 18487 | D:12     | Bought a scroll of teleportation for 36 gold pieces
 18487 | D:12     | Bought a scroll of magic mapping for 42 gold pieces
 18487 | D:12     | Bought a scroll of teleportation for 36 gold pieces
 18487 | D:12     | Bought a scroll of identify for 24 gold pieces
 18487 | D:12     | Bought a scroll of identify for 24 gold pieces
 18487 | D:12     | Bought a scroll of magic mapping for 42 gold pieces
 18674 | D:13     | Reached XP level 13. HP: 87/93 MP: 17/28
 19038 | D:13     | Learned a level 4 spell: Cause Fear
 19749 | D:14     | HP: 1/93 [phantasmal warrior[a death knight] (23)]
 20213 | D:14     | Identified the +4 ring mail "Bubev" {*Corrode Slay+3 SInv
                  | Stlth+}
 20221 | D:15     | Entered Level 15 of the Dungeon
 20249 | D:15     | Reached skill level 1 in Hexes
 20260 | D:15     | Reached skill level 12 in Spellcasting
 21825 | D:14     | Mangled by a death knight

Illustrated notes

Levels and vault maps discovered:
D:1:      onia_arrival_mini_spirals, layout_basic, serial_bayou_pond_d
D:2:      layout_rooms, nicolae_overflow_crystal_walls, lemuel_doored_altar,
          serial_curves, eino_curves_01, eino_curves_04, minmay_octomino_j4
D:3:      layout_basic, nzn_hepliaklqana_mist_gate, gup_sewer_entry_pipe,
          gammafunk_ghost_arena, minmay_statues_item,
          amcnicky_altar_lugonu_corruption, uniq_ijyb, uniq_grinder,
          uniq_sigmund
D:4:      layout_rooms, chequers_serial_rivers_micro_c,
          makhleb_blood_cavern_becter
D:5:      layout_basic, general_overflow_altar, basic_altar, serial_undead,
          serial_undead_f, serial_undead_c, serial_undead_f, serial_undead_e
D:6:      lemuel_upstairs_altar, layout_rooms, minmay_temple_entry_large_hall
D:7:      layout_loops_ring, ebering_ghost_gozag, basic_altar,
          chequers_guarded_unrand_ignorance, uniq_pikel
D:8:      cheibrodos_barr_body, layout_basic,
          chequers_temple_overflow_statue_of_worship,
          ashenzari_conservatory_becter, uniq_joseph
D:9:      layout_basic, zombieorc2_lemuel
D:10:     layout_basic, lair_entry_dummy, kennysheep_donut, uniq_psyche
D:11:     layout_stronghold, enter_bailey_4, ebering_ghost_rock_garden,
          minmay_puff
D:12:     layout_gridville, serial_shops, shop, kennysheep_crisscross
D:13:     layout_cave_pools
D:14:     layout_gridville, david_vaults_2, nrook_mini_backslash
D:15:     grunt_enter_depths_magical_seal, layout_rooms, serial_park_paths
          [serial_park_minivault_5x5_8], basic_altar
Temple:   eino_temple_water

Skill      XL: |  1  2  3  4  5  6  7  8  9 10 11 12 13 |
---------------+----------------------------------------+-----
Fighting       | 1 2 |  2.4
Spellcasting   | 3 4 5 6 7 9 10 11 12 | 12.2
Translocations | 1 2 |  2.9
Conjurations   | 5 6 7 8 9 10 11 | 11.8
Dodging        | 2 |  2.9
Stealth        | 2 3 |  3.2
Staves         | 2 4 6 7 8 9 |  9.1
Fire Magic     | 2 4 6 9 10 | 10.7
Evocations     | 1 4 5 |  5.0
Throwing       | 1 |  1.0
Shields        | 3 4 |  4.0
Hexes          | 2 |  2.6

Action                   |  1- 3 |  4- 6 |  7- 9 | 10-12 | 13-15 || total
-------------------------+-------+-------+-------+-------+-------++-------
Melee: Unarmed           |    39 |     2 |       |       |       ||    41
       Tailslap          |     2 |     5 |     2 |    15 |     7 ||    31
       Trident           |       |    70 |       |       |       ||    70
       Quarterstaff      |       |       |    44 |   135 |    50 ||   229
Throw: Boomerang         |       |       |     2 |       |       ||     2
       Dart              |       |       |       |    13 |     3 ||    16
 Cast: Magic Dart        |    64 |    52 |    56 |   111 |    31 ||   314
       Searing Ray       |    11 |    26 |    54 |    93 |    28 ||   212
       Iskenderun's Myst |       |     3 |    15 |    55 |    27 ||   100
       Conjure Flame     |       |       |     5 |     5 |       ||    10
       Cause Fear        |       |       |       |       |     5 ||     5
Evoke: Wand              |       |       |     4 |       |       ||     4
  Use: Scroll            |     3 |     1 |    14 |    12 |     8 ||    38
       Potion            |       |     3 |       |     8 |     2 ||    13
 Stab: Sleeping          |       |       |     1 |     1 |       ||     2
       Distracted        |       |       |       |     1 |       ||     1
Armor: Skin              |    22 |    52 |    60 |   117 |    50 ||   301
Dodge: Dodged            |    53 |    94 |    76 |   215 |    78 ||   516
       Repelled          |       |       |       |     5 |     1 ||     6
